 Dungeon Crawl Stone Soup version 0.27.0-1-g7a089689b8 (webtiles) character file.

Game seed: 8900124852712523615

264 fiver49 the Magician (level 6, -8/46 HPs)
             Began as a Djinni Monk on Aug 17, 2021.
             Was a Believer of Makhleb.
             Mangled by Crazy Yiuf (15 damage)
             ... while paralysed by Crazy Yiuf
             ... on level 4 of the Dungeon.
             The game lasted 00:09:45 (5140 turns).

fiver49 the Magician (Djinni Monk)                  Turns: 5140, Time: 00:09:46

Health: -8/46      AC:  3    Str: 10    XL:     6   Next: 43%
Gold:   205        EV:  2    Int: 14    God:    Makhleb [**....] SH:  0 Dex: 15

rFire    + . .     SeeInvis +   m - +1 dagger (elec)
rCold    . . .     Faith    .   (no shield)
rNeg     . . .     Spirit   .   b - +0 robe
rPois    ∞         Reflect  +   j - +0 helmet {SInv}
rElec    .         Harm     .   (no cloak)
rCorr    .         Rampage  .   (no gloves)
Will     .....                  (boots unavailable)
Stlth    ++........             l - amulet of reflection
HPRegen  0.15/turn              c - ring of ice
MPRegen  0.00/turn              (no ring)

@: paralysed, flying
A: sickness immunity, fire resistance 2, cold vulnerability 1, float, innate
caster, hp casting, extra vitality 1
a: Renounce Religion, Minor Destruction


You were on level 4 of the Dungeon.
You worshipped Makhleb.
Makhleb was pleased with you.
You visited 1 branch of the dungeon, and saw 4 of its levels.

You collected 205 gold pieces.

Inventory:

Hand Weapons
 a - a +0 falchion
 m - a +1 dagger of electrocution (weapon)
   (You took it off a kobold on level 3 of the Dungeon)
 s - a +2 dagger of freezing
   (You took it off an orc wizard on level 4 of the Dungeon)
Missiles
 n - 24 poisoned darts (quivered)
 r - 5 boomerangs
Armour
 b - a +0 robe (worn)
 j - a +0 helmet of see invisible (worn)
   (You found it on level 2 of the Dungeon)
Jewellery
 c - a ring of ice (left hand)
   (You found it on level 1 of the Dungeon)
 l - an amulet of reflection (around neck)
   (You found it on level 3 of the Dungeon)
Wands
 o - a wand of iceblast (4)
   (You found it on level 3 of the Dungeon)
 t - a wand of digging (8)
   (You found it on level 4 of the Dungeon)
Scrolls
 d - 4 scrolls of identify {unknown}
 f - a scroll of enchant weapon {unknown}
 h - 2 scrolls of blinking {unknown}
 q - a scroll of immolation {unknown}
 u - a scroll of acquirement {unknown}
Potions
 e - a potion of degeneration {unknown}
 g - a potion of invisibility {unknown}
 i - 2 potions of curing {unknown}
 k - 2 potions of heal wounds {unknown}
 p - 2 potions of lignification {unknown}


   Skills:
 - Level 3.0 Fighting
 - Level 2.6 Long Blades
 - Level 3.2 Dodging
 - Level 2.0 Stealth
 + Level 4.3 Spellcasting


You had 10 spell levels left.
You knew the following spells:

 Your Spells              Type           Power      Damage    Failure   Level
a - Summon Small Mammal   Summ           60%        N/A       3%          1
b - Searing Ray           Conj           30%        3d4       4%          2
Your spell library was empty.

Dungeon Overview and Level Annotations

Branches:
Dungeon (4/15)
 Temple: D:4-7

Altars:
Makhleb

Shops:
D:4 :

Annotations:
D:1 exclusions: ball python and gnoll
D:2 exclusions: adder, ball python and gnoll
D:4 Crazy Yiuf


Innate Abilities, Weirdness & Mutations

You are immune to sickness and miasma.
You are immune to poison.
Your flesh is very heat resistant. (rF++)
You are vulnerable to cold. (rC-)
You float through the air rather than walking.
You learn spells naturally, not from books.
Your magical power is your life essence.
You have superior vitality. (+4 HP)


Message History

You hit the orc.
You kill the orc!
Makhleb accepts your kill.
You feel better.
Items here: ))) ††††.
Things that are here:
a +2 dagger of freezing; a +0 robe
s - a +2 dagger of freezing
n - 18 poisoned darts (gained 1)
n - 19 poisoned darts (gained 1)
n - 22 poisoned darts (gained 3)
n - 23 poisoned darts (gained 1)
n - 24 poisoned darts (gained 1)
Found a stone staircase leading down.
You now have 205 gold pieces (gained 17).
t - a wand of digging (8)
An orc is nearby!
An orc is nearby!
The orc shouts!
You hit the orc but do no damage. The orc closely misses you.
You closely miss the orc. The orc closely misses you.
You barely miss the orc. The orc misses you.
You hit the orc. Lightning courses through the orc!
You kill the orc!
Makhleb accepts your kill.
No target in view!
u - a scroll labelled QITSAY YFE BOPSES
Things that are here:
a +0 morningstar; a +0 leather armour
p - 2 bubbling emerald potions (gained 1)
Found a robe.
Found a glowing whip.
You see here a +2 whip of venom.
Found Foset's Book Shop.
There is an entrance to Foset's Book Shop here.
There is an entrance to Foset's Book Shop here.
Found a mace.
Found a runed translucent door.
Crazy Yiuf shouts!
You see here a +0 robe.
Items here: ))) ÷÷÷÷.
You see here a +0 dagger.
Things that are here:
a +0 club; a +0 leather armour You see here a +0 club.
You can no longer summon a lesser servant of Makhleb.
Crazy Yiuf shouts!
Press: ? - help, v - describe, . - travel
Here: Crazy Yiuf, wielding a +3 quarterstaff of chaos and wearing a +2 cloak of willpower (fire blocked by a runed translucent door)
The floor.
Casting: Searing Ray (safe; 4% risk of failure)
Confirm with . or Enter, or press ? or * to list all spells.
Casting: Summon Small Mammal (safe; 3% risk of failure)
Confirm with . or Enter, or press ? or * to list all spells.
Casting: Summon Small Mammal (safe; 3% risk of failure)
Confirm with . or Enter, or press ? or * to list all spells.
Nothing appears to happen.
Casting: Summon Small Mammal (safe; 3% risk of failure)
Confirm with . or Enter, or press ? or * to list all spells.
Nothing appears to happen.
You reach down and open the door.
You swap places.
Crazy Yiuf glowers.
Crazy Yiuf closely misses your quokka.
You swap places.
Crazy Yiuf closely misses your quokka.
Crazy Yiuf hits your quokka with a +3 quarterstaff of chaos!
Your quokka dies!
Your quokka's corpse disappears in a puff of smoke!
Your bat hits Crazy Yiuf but does no damage. x2
Crazy Yiuf hits your bat with a +3 quarterstaff of chaos.
Your bat suddenly seems more agile.
Your bat hits Crazy Yiuf but does no damage.
Casting: Summon Small Mammal (safe; 3% risk of failure)
Confirm with . or Enter, or press ? or * to list all spells.
Your bat barely misses Crazy Yiuf.
Your bat hits Crazy Yiuf. Crazy Yiuf misses your bat.
Your bat barely misses Crazy Yiuf.
Casting: Summon Small Mammal (safe; 3% risk of failure)
Confirm with . or Enter, or press ? or * to list all spells.
Your bat hits Crazy Yiuf.
Your bat barely misses Crazy Yiuf.
Crazy Yiuf completely misses your bat.
Your bat hits Crazy Yiuf but does no damage.
Your bat barely misses Crazy Yiuf.
Crazy Yiuf hits your bat with a +3 quarterstaff of chaos!
Your bat dies!
Your bat's corpse disappears in a puff of smoke!
You swap places.
Your rat bites Crazy Yiuf but does no damage.
Crazy Yiuf hits your rat with a +3 quarterstaff of chaos!
Your rat dies!
Your rat's corpse disappears in a puff of smoke!
Crazy Yiuf hits you with a +3 quarterstaff of chaos!
You hit Crazy Yiuf. Lightning courses through Crazy Yiuf!
Crazy Yiuf is severely wounded.
Crazy Yiuf says, "Castle!"
Crazy Yiuf hits you with a +3 quarterstaff of chaos!
You suddenly lose the ability to move!
Crazy Yiuf completely misses you.
Crazy Yiuf hits you with a +3 quarterstaff of chaos!
* * * LOW HITPOINT WARNING * * *
Crazy Yiuf hits you with a +3 quarterstaff of chaos!
You die...

##.##..# ##.###..#
### ##..# #..##
##### #.# ##..##
##..# #..)# #.##
#..## ##..# #...#
##.## ..## ##...##
... #..## .##
#.....# #'# ###..#
#### ## ##.....#
♣♣g♣ #.#..###..# #
##......# ♣@♣♣
#..#..#....
#.......# ♣♣r♣
#..##......
##......## ♣.♣♣
#...#......
#.......# ♣♣.♣♣
#.)....##.#
#......## ♣...♣♣
#......#### #
#>.....# ♣....♣
#.....## ##
##....## #....#
#.....## .##
#....#
####..#####....[.#
..####.###
#................#


You could see Crazy Yiuf (ally target) and a friendly quokka (summoned).

Vanquished Creatures
  A hound (D:3)
  2 iguanas
  An orc wizard (D:4)
  2 hound skeletons (D:4)
  4 adders
  A worm (D:2)
  2 dart slugs
  10 orcs
  6 ball pythons
  15 endoplasms
  5 giant cockroaches
  2 goblins (D:4)
  6 hobgoblins
  6 jackals
  8 kobolds
  A quokka (D:4)
  5 bats
  3 frilled lizards
  6 rats
86 creatures vanquished.

Vanquished Creatures (collateral kills)
  A worm (D:2)
1 creature vanquished.

Grand Total: 87 creatures vanquished

Notes
Turn   | Place    | Note
-------+----------+-------------------------------------------
     0 | D:1      | fiver49 the Djinni Monk began the quest for the Orb.
     0 | D:1      | Reached XP level 1. HP: 20/20 MP: 0/0
   110 | D:1      | Reached XP level 2. HP: 24/25 MP: 0/0
   116 | D:1      | Reached skill level 2 in Stealth
   139 | D:1      | Found a faded altar of an unknown god.
   366 | D:1      | Reached skill level 1 in Spellcasting
  1033 | D:2      | Reached XP level 3. HP: 30/30 MP: 0/0
  1033 | D:2      | Learned a level 1 spell: Summon Small Mammal
  1330 | D:2      | HP: 7/30 [orc (1)]
  1330 | D:2      | HP: 3/30 [orc (4)]
  1379 | D:2      | HP: 6/30 [orc (2)]
  1385 | D:2      | HP: 3/30 [orc (4)]
  1741 | D:2      | Found a burning altar of Makhleb.
  1772 | D:2      | Became a worshipper of Makhleb the Destroyer
  1772 | D:2      | Reached * piety under Makhleb
  1772 | D:2      | Reached ** piety under Makhleb
  1827 | D:2      | Reached skill level 2 in Spellcasting
  1925 | D:2      | Reached XP level 4. HP: 21/35 MP: 0/0
  2700 | D:2      | HP: 8/35 [frozen (7)]
  3182 | D:3      | Reached skill level 3 in Spellcasting
  3182 | D:3      | Reached XP level 5. HP: 30/40 MP: 0/0
  3182 | D:3      | Learned a level 2 spell: Searing Ray
  4425 | D:4      | Reached XP level 6. HP: 44/46 MP: 0/0
  4551 | D:4      | Reached skill level 4 in Spellcasting
  4569 | D:4      | Reached *** piety under Makhleb
  4904 | D:4      | Found Foset's Book Shop.
  4935 | D:4      | Found a runed translucent door.
  4936 | D:4      | Noticed Crazy Yiuf
  5137 | D:4      | Paralysed by Crazy Yiuf for 4 turns
  5139 | D:4      | HP: 7/46 [Crazy Yiuf (8)]
  5140 | D:4      | Mangled by Crazy Yiuf

Illustrated notes

Levels and vault maps discovered:
D:1:      dpeg_arrival_rhombus, layout_basic, chequers_ecumenical_altar_grove,
          grunt_decor_fettered
D:2:      layout_basic, basic_altar, st_stairs_3, minmay_circled_x
D:3:      layout_basic
D:4:      layout_cave_pods, serial_shops, nicolae_diamond_shop,
          uniq_crazy_yiuf_cottage

Skill      XL: |  1  2  3  4  5  6 |
---------------+-------------------+-----
Stealth        | 2 |  2.0
Spellcasting   | 1 2 3 4 |  4.3
Fighting       | |  3.0
Long Blades    | |  2.6
Dodging        | |  3.2

Action                   |  1- 3 |  4- 6 || total
-------------------------+-------+-------++-------
Melee: Falchion          |   104 |    57 ||   161
       Dagger            |       |   123 ||   123
Throw: Dart              |       |    20 ||    20
 Cast: Summon Small Mamm |     5 |    15 ||    20
       Searing Ray       |       |     1 ||     1
 Stab: Sleeping          |     3 |     3 ||     6
       Distracted        |       |     3 ||     3
Armor: Robe              |    12 |    25 ||    37
Dodge: Dodged            |    70 |    91 ||   161
Block: Other             |       |    30 ||    30
       Reflection        |       |     1 ||     1
       Rpst.: Falchion   |    20 |    11 ||    31

Table legend: (Time is in decaauts)
 A = Elapsed time spent in this place.
 B = Non-inter-level travel time spent in this place.
 C = Inter-level travel time spent in this place.
 D = Time resting spent in this place.
 E = Time spent auto-exploring this place.
 F = Levels seen in this place.
 G = Mean time per level.
                   A        B        C        D        E       F      G
               +--------+--------+--------+--------+--------+-----+--------+
         Total |   5158 |   4999 |    159 |      0 |   3958 |   4 | 1289.5 |
       Dungeon |   5158 |   4999 |    159 |      0 |   3958 |   4 | 1289.5 |
               +--------+--------+--------+--------+--------+-----+--------+

Top non-repeatable levels by time:
     D:2: 1916 daAuts
     D:4: 1309 daAuts
     D:1: 1138 daAuts
     D:3: 794 daAuts

Table legend:
 A = Kills in this place as a percentage of kills in entire the game.
 B = Kills by you in this place as a percentage of kills by you in the entire game.
 C = Kills by friends in this place as a percentage of kills by friends in the entire game.
 D = Other kills in this place as a percentage of other kills in the entire game.
 E = Experience gained in this place as a percentage of experience gained in the entire game.
 F = Experience gained in this place divided by the number of levels of this place that you have seen.
                   A       B       C       D       E      F
               +-------+-------+-------+-------+-------+----------------------
         Total | 100.0 | 100.0 | 100.0 |   N/A | 100.0 |  94.5
       Dungeon | 100.0 | 100.0 | 100.0 |   N/A | 100.0 |  94.5
               +-------+-------+-------+-------+-------+----------------------
